 Dungeon Crawl Stone Soup version 0.32-a0-135-g14f8b2e1af (webtiles) character file.

Game seed: 11496323871047309638

30 Colgate the Cudgeller (level 3, 30/30 HPs)
             Began as a Hill Orc Gladiator on Feb 10, 2024.
             Quit the game on level 2 of the Dungeon.
             The game lasted 00:02:50 (899 turns).

Colgate the Cudgeller (Hill Orc Gladiator)           Turns: 899, Time: 00:02:50

Health: 30/30      AC:  6    Str: 18    XL:     3   Next: 18%
Magic:  3/3        EV: 11    Int:  8    God:
Gold:   22         SH:  0    Dex: 12    Spells: 2/2 levels left

rFire   . . .        a - +0 flail
rCold   . . .        (no shield)
rNeg    . . .        f - +0 ring mail
rPois   .            c - +0 helmet
rElec   .            (no cloak)
rCorr   .            (no gloves)
SInv    .            (no boots)
Will    .....        (no amulet)
Stlth   +            (no ring)
HPRegen 0.25/turn    (no ring)
MPRegen 0.08/turn

%: no passive effects
@: no status effects
A: no striking features
a: no special abilities


You were on level 2 of the Dungeon.
You visited 1 branch of the dungeon, and saw 2 of its levels.

You collected 22 gold pieces.

Inventory:

Hand Weapons
 a - a +0 flail (weapon)
Missiles
 d - 3 throwing nets (quivered) {!f}
 e - a javelin
Armour
 b - a +0 leather armour
 c - a +0 helmet (worn)
 f - a +0 ring mail (worn)
Scrolls
 g - 2 scrolls of identify {@r1}


   Skills:
 - Level 2.4 Fighting
 - Level 3.2 Maces & Flails
 + Level 3.2 Throwing
 - Level 2.4 Dodging


You had 2 spell levels left.
You didn't know any spells.
Your spell library contained the following spells:

 Spells                   Type           Power      Damage    Failure   Level
 Scorch                   Fire           0%         2d5       75%         2
 Flame Wave               Conj/Fire      0%         2d4       100%        4
 Summon Cactus Giant      Summ           0%         N/A       100%        6


Dungeon Overview and Level Annotations

Branches:
Dungeon (2/15)

Altars:

Shops:
D:1 [


Message History

A bat comes into view.
You closely miss the bat. The bat closely misses you.
A bat is nearby!
You miss the bat. The bat misses you. The bat barely misses you.
You miss the bat. The bat barely misses you.
You sock the bat!
You kill the bat!
No target in view!
You see here a bat corpse.
You see here a hobgoblin corpse.
You see here a bat skeleton.
You see here a +0 club.
No target in view!
Partly explored, unopened door.
You open the door.
No target in view!
There is a stone staircase leading down here.
There is an open door here.
Done exploring.
No target in view!
Done exploring.
No target in view!
Done exploring.
Search for what [Enter for "d:1", or ? for help]? d:1 Unknown command.
There is an open door here.
There is a stone staircase leading down here.
You climb downwards.
The hobgoblin shouts!
Found four items.
Found a stone staircase leading down.
There is a stone staircase leading up here.
A hobgoblin is nearby!
Okay, then.
You sock the hobgoblin!
You kill the hobgoblin!
No target in view!
As you read the scroll labelled XUQIFO KUGGAO, it crumbles to dust.
It is a scroll of identify.
You don't currently have any unidentified items.
Are you sure you want to abandon this character and quit the game? (Confirm with "yes".)

.....>........#
..|...........#
............(.
......$......
.........!.#
...........#
...........#
.......@..#
..##.....##
#######


There were no monsters in sight!

Vanquished Creatures
  2 endoplasms (D:1)
  3 giant cockroaches (D:1)
  5 goblins (D:1)
  4 hobgoblins
  3 jackals (D:1)
  A ball python (D:1)
  5 bats (D:1)
  A kobold (D:1)
  2 rats (D:1)
26 creatures vanquished.

Notes
Turn   | Place    | Note
-------+----------+-------------------------------------------
     0 | D:1      | Colgate the Hill Orc Gladiator began the quest for the Orb.
     0 | D:1      | Reached XP level 1. HP: 18/18 MP: 1/1
   215 | D:1      | Reached XP level 2. HP: 24/25 MP: 2/2
   488 | D:1      | Found Qouriw's Antique Armour Boutique.
   631 | D:1      | Reached XP level 3. HP: 30/30 MP: 3/3
   899 | D:2      | Quit the game

Illustrated notes

Levels and vault maps discovered:
D:1:      dpeg_arrival_round_c, layout_basic, serial_shops, shop
D:2:      layout_rooms, dreamdust_ecumenical_altar_hidden_monk_grotto,
          serial_shops, nicolae_shop_industrial_runoff

Skill      XL: |  1  2 |
---------------+-------+-----
Throwing       | 2 3 |  3.2
Fighting       | |  2.4
Maces & Flails | |  3.2
Dodging        | |  2.4

Action                     || total
---------------------------++-------
  Melee: Flail             ||    56
         Punch             ||     1
    Use: Scroll            ||     1
 Armour: Leather armour    ||    12
         Ring mail         ||    27
  Dodge: Dodged            ||    28

Table legend: (Time is in decaauts)
 A = Elapsed time spent in this place.
 B = Non-inter-level travel time spent in this place.
 C = Inter-level travel time spent in this place.
 D = Time resting spent in this place.
 E = Time spent auto-exploring this place.
 F = Levels seen in this place.
 G = Mean time per level.
                   A        B        C        D        E       F      G
               +--------+--------+--------+--------+--------+-----+--------+
         Total |    912 |    909 |      3 |      0 |    758 |   2 |  456.0 |
       Dungeon |    912 |    909 |      3 |      0 |    758 |   2 |  456.0 |
               +--------+--------+--------+--------+--------+-----+--------+

Top non-repeatable levels by time:
     D:1: 906 daAuts
     D:2: 6 daAuts
